 Dungeon Crawl Stone Soup version 0.29.0-7-g18a832c13a (webtiles) character file.

Game seed: 5219011963283708873

51 CalmDownMonkey the Sneak (level 3, 0/16 HPs)
             Began as a Spriggan Enchanter on Aug 30, 2022.
             Succumbed to an adder's poison
             ... on level 2 of the Dungeon.
             The game lasted 00:04:55 (1863 turns).

CalmDownMonkey the Sneak (Spriggan Enchanter)       Turns: 1863, Time: 00:04:56

Health: 0/16       AC:  4    Str:  4    XL:     3   Next: 58%
Magic:  2/8        EV: 17    Int: 16    God:
Gold:   166        SH:  0    Dex: 17    Spells: 2/7 levels left

rFire   . . .      SeeInvis +   a - +1 dagger
rCold   . . .      Faith    .   (no shield)
rNeg    + . .      Spirit   .   k - +2 robe {rN+}
rPois   .          Reflect  .   (helmet restricted)
rElec   .          Harm     .   (no cloak)
rCorr   .          Rampage  .   (gloves unavailable)
Will    .....                   (boots unavailable)
Stlth   ++++......              (no amulet)
HPRegen 0.05/turn               (no ring)
MPRegen 0.11/turn               (no ring)

@: lethally poisoned (0 -> -7), flying, very slightly contaminated, very quick
A: very small, no large weapons, unfitting armour, see invisible, speed 3
a: no special abilities


You were on level 2 of the Dungeon.
You visited 1 branch of the dungeon, and saw 2 of its levels.

You collected 166 gold pieces.

Inventory:

Hand Weapons
 a - a +1 dagger (weapon)
 n - a +0 sling
Missiles
 f - 22 stones
 l - 3 boomerangs (quivered)
Armour
 b - a +0 robe
 k - a +2 robe of positive energy (worn)
   (You found it on level 1 of the Dungeon)
Scrolls
 g - a scroll of noise {unknown}
 h - 2 scrolls of enchant weapon {unknown}
 i - a scroll of magic mapping {unknown}
 m - a scroll of identify {unknown}
 o - a scroll of teleportation {unknown}
Potions
 c - 2 potions of invisibility
 d - a potion of cancellation {unknown}
 j - a potion of curing {unknown}


   Skills:
 - Level 1.1 Short Blades
 - Level 2.6 Dodging
 + Level 6.7 Stealth
 - Level 2.6 Spellcasting
 + Level 3.8 Hexes
 + Level 0.5 Ice Magic


You had 2 spell levels left.
You knew the following spells:

 Your Spells              Type           Power      Damage    Failure   Level
a - Ensorcelled Hibernat  Hex/Ice        18%        N/A       12%         2
b - Confusing Touch       Hex            14%        N/A       12%         3

Your spell library contained the following spells:

 Spells                   Type           Power      Damage    Failure   Level
 Magic Dart               Conj           8%         1d3       19%         1
 Call Imp                 Summ           2%         N/A       28%         2
 Tukima's Dance           Hex            14%        N/A       12%         3
 Dazzling Flash           Conj/Hex       16%        N/A       26%         3
 Gell's Gravitas          Tloc           2%         N/A       50%         3
 Mephitic Cloud           Conj/Pois/Air  2%         N/A       50%         3
 Teleport Other           Tloc           2%         N/A       50%         3
 Dispersal                Tloc           1%         N/A       100%        6


Dungeon Overview and Level Annotations

Branches:
Dungeon (2/15)

Altars:


Innate Abilities, Weirdness & Mutations

You are very small and have problems with some larger weapons.
You are too small for most types of armour.
You have supernaturally acute eyesight. (SInv)
You cover ground extremely quickly. (Speed+++)


Message History

You hit the rat but do no damage. The rat misses you.
You hit the rat.
You kill the rat!
The bat hits you but does no damage.
You hit the bat.
The bat is moderately wounded.
The bat hits you but does no damage.
You hit the bat.
The bat is moderately wounded.
The bat misses you.
You hit the bat but do no damage.
The bat is moderately wounded.
The bat misses you. The bat completely misses you. The bat closely misses you.
You closely miss the bat.
The bat is moderately wounded.
The bat hits you but does no damage. The bat completely misses you.
You hit the bat.
The bat is severely wounded.
The bat completely misses you. The bat hits you but does no damage.
You miss the bat.
The bat is severely wounded.
The bat closely misses you. The bat hits you but does no damage.
You hit the bat.
You kill the bat!
No target in view!
You see here a bat corpse.
A hobgoblin comes into view.
The goblin shouts!
The hobgoblin shouts!
You start waiting.
A goblin is nearby!
Throw: 3 boomerangs
Press: ? - help, Q - select action, (/) - cycle Shift-Dir - straight line, f - goblin
Aim: a goblin, wielding a +0 club (wandering, hasn't noticed you, 51% to hit)
You throw a boomerang.
The boomerang closely misses the goblin.
The goblin shouts!
You hear a shout!
Throw: 3 boomerangs
Press: ? - help, Q - select action, (/) - cycle Shift-Dir - straight line, f/p - goblin
Aim: a goblin, wielding a +0 club (51% to hit)
You throw a boomerang. The boomerang hits the goblin.
You kill the goblin!
Found a scroll labelled WINUQU ZYARUUH.
A bat comes into view.
Found a stone staircase leading down.
You see here a scroll labelled WINUQU ZYARUUH.
The helpless bat fails to defend itself.
You impale the bat!!
You kill the bat!
o - a scroll labelled WINUQU ZYARUUH You see here a bat corpse.
Found a club.
There is a stone staircase leading down here.
A ball python comes into view.
An adder comes into view.
The adder hisses angrily.
The ball python hisses angrily.
The ball python closely misses you. The ball python completely misses you.
You closely miss the ball python. You hit the adder.
The adder is lightly wounded.
The adder bites you.
You are poisoned.
The adder poisons you!
Cast which spell? (? or * to list)
Aiming: Ensorcelled Hibernation (safe; 13% risk of failure)
Press: ? - help, Shift-Dir - straight line, f - adder
Aim: an adder (lightly wounded, chance to affect: 50%)
You miscast Ensorcelled Hibernation.
You are very lightly contaminated with residual magic.
Nothing appears to happen.
You feel sick. The adder misses you.
Casting: Ensorcelled Hibernation (safe; 13% risk of failure)
Confirm with . or Enter, or press ? or * to list all spells.
Aiming: Ensorcelled Hibernation (safe; 13% risk of failure)
Press: ? - help, Shift-Dir - straight line, f/p - adder
Aim: an adder (lightly wounded, chance to affect: 50%)
The adder resists with some effort.
You feel sick. The adder completely misses you. The adder bites you.
You are lethally poisoned!
The adder poisons you!
Casting: Ensorcelled Hibernation (safe; 13% risk of failure)
Confirm with . or Enter, or press ? or * to list all spells.
Aiming: Ensorcelled Hibernation (safe; 13% risk of failure)
Press: ? - help, Shift-Dir - straight line, f/p - adder
Aim: an adder (lightly wounded, chance to affect: 50%)
The adder looks drowsy...
* * * LOW HITPOINT WARNING * * *
You feel very sick.
The helpless adder fails to defend itself.
You impale the adder!!
You kill the adder!
* * * LOW HITPOINT WARNING * * *
You feel sick.
It was a potion of flight.
You feel very buoyant.
You fly up into the air.
You die...

#############
#...........#
#.#########.#
#.# #.# #.#
#.#
#.#########.##
#.##..)......#
#@##.######>.#
#S# #..# #.#
.######..# #..
........†# ###
.#######.#
#.#####
#......
#######


You could see a ball python.

Vanquished Creatures
  2 adders (D:2)
  A worm (D:2)
  A dart slug (D:1)
  4 endoplasms
  2 giant cockroaches
  2 goblins (D:2)
  2 hobgoblins
  A quokka (D:1)
  3 ball pythons
  6 bats
  2 frilled lizards (D:1)
  2 kobolds (D:1)
  A rat (D:2)
29 creatures vanquished.

Vanquished Creatures (others)
  6 fungi
  A plant (D:2)
  3 toadstools (D:1)
10 creatures vanquished.

Grand Total: 39 creatures vanquished

Notes
Turn   | Place    | Note
-------+----------+-------------------------------------------
     0 | D:1      | CalmDownMonkey the Spriggan Enchanter began the quest for
                  | the Orb.
     0 | D:1      | Reached XP level 1. HP: 9/9 MP: 5/5
   120 | D:1      | Reached skill level 5 in Stealth
   234 | D:1      | Reached XP level 2. HP: 13/13 MP: 6/6
   995 | D:1      | Reached skill level 6 in Stealth
  1130 | D:2      | Reached XP level 3. HP: 12/16 MP: 8/8
  1133 | D:2      | Learned a level 2 spell: Ensorcelled Hibernation
  1137 | D:2      | Learned a level 3 spell: Confusing Touch
  1863 | D:2      | Succumbed to an adder's poison

Illustrated notes

Levels and vault maps discovered:
D:1:      saegor_arrival_simple_a, layout_basic, minmay_gold_behind_fungi
D:2:      layout_loops_ring, dreamdust_ecumenical_altar_grove

Skill      XL: |  1  2 |
---------------+-------+-----
Stealth        | 5 6 |  6.7
Short Blades   | |  1.1
Dodging        | |  2.6
Spellcasting   | |  2.6
Hexes          | |  3.8
Ice Magic      | |  0.5

Action                   || total
-------------------------++-------
Melee: Dagger            ||   103
Throw: Boomerang         ||     2
 Cast: Ensorcelled Hiber ||     2
  Use: Potion            ||     1
 Stab: Sleeping          ||    13
Armor: Robe              ||    18
Dodge: Dodged            ||    85

Table legend: (Time is in decaauts)
 A = Elapsed time spent in this place.
 B = Non-inter-level travel time spent in this place.
 C = Inter-level travel time spent in this place.
 D = Time resting spent in this place.
 E = Time spent auto-exploring this place.
 F = Levels seen in this place.
 G = Mean time per level.
                   A        B        C        D        E       F      G
               +--------+--------+--------+--------+--------+-----+--------+
         Total |   1446 |   1411 |     35 |    488 |    606 |   2 |  723.0 |
       Dungeon |   1446 |   1411 |     35 |    488 |    606 |   2 |  723.0 |
               +--------+--------+--------+--------+--------+-----+--------+

Top non-repeatable levels by time:
     D:1: 1063 daAuts
     D:2: 383 daAuts

Table legend:
 A = Kills in this place as a percentage of kills in entire the game.
 B = Kills by you in this place as a percentage of kills by you in the entire game.
 C = Kills by friends in this place as a percentage of kills by friends in the entire game.
 D = Other kills in this place as a percentage of other kills in the entire game.
 E = Experience gained in this place as a percentage of experience gained in the entire game.
 F = Experience gained in this place divided by the number of levels of this place that you have seen.
                   A       B       C       D       E      F
               +-------+-------+-------+-------+-------+----------------------
         Total | 100.0 | 100.0 |   N/A |   N/A | 100.0 |  37.0
       Dungeon | 100.0 | 100.0 |   N/A |   N/A | 100.0 |  37.0
               +-------+-------+-------+-------+-------+----------------------
